 Dungeon Crawl Stone Soup version 0.27.0-65-ge2af304b15 (webtiles) character file.

Game seed: 13929529418271057511

16 Malachi the Skirmisher (level 2, 13/27 HPs)
             Began as a Ghoul Monk on Aug 19, 2021.
             Safely got out of the dungeon.
             The game lasted 00:00:40 (617 turns).

Malachi the Skirmisher (Ghoul Monk)                  Turns: 617, Time: 00:00:40

Health: 13/27      AC:  2    Str: 14    XL:     2   Next: 54%
Magic:  1/1        EV: 12    Int:  5    God:
Gold:   43         SH:  0    Dex: 11    Spells: 1/1 levels left

rFire    . . .     SeeInvis .     - Unarmed
rCold    + . .     Faith    .   (no shield)
rNeg     + + +     Spirit   .   a - +0 robe
rPois    ∞         Reflect  .   (no helmet)
rElec    .         Harm     .   (no cloak)
rCorr    .         Rampage  .   (no gloves)
Will     .....                  (no boots)
Stlth    ++........             (no amulet)
HPRegen  0.09/turn              (no ring)
MPRegen  0.07/turn              (no ring)

@: no status effects
A: claws 1, cold resistance 1, negative energy resistance 3, inhibited
regeneration, torment resistance 2
a: no special abilities


You escaped.
You visited 1 branch of the dungeon, and saw 1 of its levels.

You collected 43 gold pieces.

Inventory:

Armour
 a - a +0 robe (worn)
Scrolls
 b - a scroll of magic mapping {unknown}
Potions
 c - a potion of flight {unknown}


   Skills:
 + Level 3.7 Fighting
 + Level 2.8 Dodging
 + Level 2.3 Stealth
 + Level 3.5 Unarmed Combat


You had one spell level left.
You didn't know any spells.
Your spell library was empty.

Dungeon Overview and Level Annotations

Branches:
Dungeon (1/15)

Altars:

Shops:
D:1 =


Innate Abilities, Weirdness & Mutations

You thrive by killing the living.
You are immune to poison.
You have sharp fingernails.
Your flesh is cold resistant. (rC+)
You are immune to negative energy. (rN+++)
You do not regenerate when monsters are visible.
You are immune to unholy pain and torment.


Message History

The kobold burns you.
You see here a giant cockroach corpse.
You scratch the kobold but do no damage.
The kobold misses you. The kobold hits you but does no damage.
You scratch the kobold but do no damage.
The kobold barely misses you.
The kobold hits you with a +0 short sword of flaming.
The kobold burns you.
You closely miss the kobold. The kobold closely misses you.
The kobold hits you with a +0 short sword of flaming.
The kobold burns you.
* * * LOW HITPOINT WARNING * * *
You completely miss the kobold. The kobold hits you but does no damage.
You barely miss the kobold.
The kobold hits you but does no damage. x2
You scratch the kobold.
You kill the kobold!
You feel better.
The kobold hits you with a +0 short sword of flaming.
The kobold burns you.
* * * LOW HITPOINT WARNING * * *
The kobold closely misses you.
Things that are here:
a +0 club; 3 stones; a +0 pair of boots You scratch the kobold.
The kobold is severely wounded.
The kobold hits you with a +0 short sword of flaming.
* * * LOW HITPOINT WARNING * * *
The kobold burns you.
* * * LOW HITPOINT WARNING * * *
You miss the kobold.
The kobold is severely wounded.
The kobold misses you.
You claw the kobold!
You kill the kobold!
You feel better.
You see here a +0 short sword of flaming.
You see here a giant cockroach corpse.
There is a staircase leading out of the dungeon here.
Are you sure you want to leave the Dungeon?
This will make you lose the game!
You have escaped!

#........# #........#
#........# ### #.#......# #..
#.#......# #####.#
###.#......#### ...##.#
#.#.##........# ...##.# #####
##.#.##........# ...##.# #...#
#@.#...........#
...##.###.#.#####.#...........#
...##.....#...#...#.....∩.....#
..†.###.###.#.#.###......######
........#...#...# #......#
...######.####### #.....(#
.########.#########......#
'####....................######
...#.......#.......#.##..÷....#


There were no monsters in sight!

Vanquished Creatures
  A dart slug (D:1)
  An endoplasm (D:1)
  A giant cockroach (D:1)
  A goblin (D:1)
  4 kobolds (D:1)
  A quokka (D:1)
  2 ball pythons (D:1)
  2 rats (D:1)
13 creatures vanquished.

Notes
Turn   | Place    | Note
-------+----------+-------------------------------------------
     0 | D:1      | Malachi the Ghoul Monk began the quest for the Orb.
     0 | D:1      | Reached XP level 1. HP: 19/19 MP: 0/0
   249 | D:1      | Found Soagill's Jewellery Shop.
   401 | D:1      | Reached XP level 2. HP: 22/26 MP: 1/1
   617 | D:$      | Safely got out of the dungeon.

Illustrated notes

Levels and vault maps discovered:
D:1:      elethiomel_arrival_maze, layout_basic, serial_shops, shop,
          hellmonk_ecumenical_altar_heavens_door

Action                   || total
-------------------------++-------
Melee: Unarmed           ||    43
Armor: Robe              ||     7
Dodge: Dodged            ||    29
